 Dungeon Crawl Stone Soup version 0.21.1-1-g345015f (webtiles) character file.

8566 lrcuk01 the Carver (level 11, 0/95 HPs)
             Began as a Minotaur Berserker on Feb 13, 2018.
             Was a High Priest of Trog.
             Killed by divine providence
             ... invoked by an orc high priest
              (8 damage)
             ... on level 1 of the Orcish Mines on Feb 14, 2018.
             The game lasted 01:30:21 (7978 turns).

lrcuk01 the Carver (Minotaur Berserker)             Turns: 7978, Time: 01:30:22

Health: 0/95       AC: 10    Str: 28    XL:     11   Next: 11%
Magic:  11/11      EV:  8    Int:  7    God:    Trog [*****.]
Gold:   418        SH: 19    Dex:  6    Spells: 10/10 levels left

rFire    + + +     SeeInvis +   D - +12 falchion of Quick Death {venom, rF++ Int+3 Dex-5 SInv}
rCold    . . .     Gourm    .   E - +2 large shield
rNeg     . . .     Faith    .   b - +5 scale mail of Tyzoileuch {Regen+}
rPois    .         Spirit   .   (helmet restricted)
rElec    .         Reflect  .   (no cloak)
rCorr    .         Harm     .   r - +1 pair of gloves
MR       .....                  (no boots)
Stlth    ..........             (no amulet)
HPRegen  0.65/turn              f - ring of protection from fire
MPRegen  0.12/turn              n - +3 ring of protection

@: about to teleport, corroded
A: retaliatory headbutt, fangs 1, horns 2, agile 1, strong 1
a: Berserk, Trog's Hand, Brothers in Arms, Burn Spellbooks, Renounce Religion


You were on level 1 of the Orcish Mines.
You worshipped Trog.
Trog was extremely pleased with you.
You were not hungry.

You visited 2 branches of the dungeon, and saw 10 of its levels.

You collected 598 gold pieces.
You spent 180 gold pieces at shops.

Inventory:

Hand Weapons
 l - a +2 dagger of protection
 t - a +5 short sword
 x - a +1 dagger of venom
 D - the +12 falchion of Quick Death (weapon) {venom, rF++ Int+3 Dex-5 SInv}
   (You found it on level 4 of the Dungeon)

   It poisons the flesh of those it strikes.
   It affects your intelligence (+3).
   It affects your dexterity (-5).
   It greatly protects you from fire.
   It lets you see invisible.
 I - a +3 vampiric hand axe
 N - a +3 quarterstaff of chaos
 O - a +0 mace
Missiles
 H - a throwing net
 L - 15 tomahawks (quivered)
 V - 2 silver tomahawks
Armour
 a - a +0 pair of gloves
 b - the +5 scale mail of Tyzoileuch (worn) {Regen+}
   (You found it on level 4 of the Dungeon)

   It increases your rate of regeneration.
 h - a +1 cloak
 r - a +1 pair of gloves (worn)
 u - a cursed +0 ring mail
 z - the +3 hat of Pondering {ponderous, MR+ MP+10 Int+5}
   (You took it off Gastronok on level 9 of the Dungeon)

   It affects your intelligence (+5).
   It affects your resistance to hostile enchantments.
   It affects your magic capacity (+10).
 E - a +2 large shield (worn)
 G - a +0 chain mail
Jewellery
 e - an uncursed ring of stealth {unknown}
 f - a ring of protection from fire (left hand)
 i - an uncursed ring of protection from magic {unknown}
 j - a cursed amulet of inaccuracy {unknown}
 n - a +3 ring of protection (right hand)
 o - a +2 ring of strength {unknown}
 P - a +1 ring of protection
 R - an uncursed ring of wizardry {unknown}
Wands
 g - a wand of acid (7)
 k - a wand of polymorph (10)
 p - a wand of scattershot (7)
 s - a wand of random effects (20)
 A - a wand of paralysis (13)
 F - a wand of iceblast (12)
 M - a wand of flame (29)
Scrolls
 d - 3 scrolls of teleportation
 v - a scroll of fog
 w - a scroll of magic mapping
 y - a scroll of blinking
 B - a scroll of enchant armour
 C - 7 scrolls of remove curse
Potions
 m - 2 potions of resistance
 q - 6 potions of curing
 J - a potion of agility
 K - a potion of haste
 Q - a potion of invisibility
 T - a potion of lignification
 U - a potion of cancellation
Miscellaneous
 S - a phantom mirror
Comestibles
 c - 19 rations
 W - 2 chunks of flesh


   Skills:
 + Level 8.8 Fighting
 + Level 10.1 Long Blades
 + Level 8.9 Axes
 + Level 1.1 Throwing
 + Level 8.4 Armour
 + Level 6.2 Dodging
 + Level 2.2 Stealth
 + Level 8.4 Shields
 + Level 1.3 Evocations


You had 10 spell levels left.
You didn't know any spells.

Dungeon Overview and Level Annotations

Branches:
Dungeon (9/15)             Temple (0/1) D:4             Orc (1/2) D:9
   Lair: D:8-11

Altars:
Makhleb
Ru
Beogh

Shops:
D:5 %   D:7 *

Annotations:
D:8 1 transporter


Innate Abilities, Weirdness & Mutations

You reflexively headbutt those who attack you in melee.
You have a pair of horns on your head.
You have very sharp teeth.
You are agile. (Dex +2)
Your muscles are strong. (Str +2)


Message History

* * * LOW HITPOINT WARNING * * *
You block the orc high priest's attack.
The orc warrior hits you with a glaive!!
* * * LOW HITPOINT WARNING * * *
You hit the rust devil. Your headbutt misses the rust devil.
You bite the rust devil, but do no damage.
The rust devil is moderately wounded.
You block the rust devil's attack. You block the hellwing's attack.
The hellwing hits you but does no damage.
The orc high priest invokes the aid of Beogh against you.
You struggle to resist.
Your shield prevents you from hitting the rust devil.
Your headbutt misses the rust devil.
You bite the rust devil, but do no damage.
The rust devil is moderately wounded.
You block the orc warrior's attack. You block the rust devil's attack.
You block the hellwing's attack. x2
The orc high priest mumbles some strange prayers to Beogh against you.
Beogh smites you!
You die...

### ##.# ##..#### .
#...#..## ## .o.
##.......# ##o##....
###......4####o.o..$..
##........4@o#..o......
##.......####oo#.#.$...#
###......###
###o..#.....
###.....)..# ...## ....
##.......#.# ##.## ..#
##.......### ..# ..
##........# ..# #
##.......# ##..
##......# .#


You could see an orc high priest, a hellwing, a rust devil, 2 orc warriors and
an orc priest.

Vanquished Creatures
  Gastronok (D:9)
  The ghost of Terandir the Cleaver, a journeyman MiFi of Cheibriados (D:9)
  Erolcha (D:9)
  Pikel (D:7)
  An orc sorcerer (Orc:1)
  Psyche (D:9)
  A troll (D:9)
  Grinder (D:6)
  Prince Ribbit (D:6)
  Sigmund (D:1)
  A wyvern (D:9)
  2 wargs (Orc:1)
  A water moccasin (D:7)
  5 orc warriors
  A phantom (D:4)
  An ice beast (D:7)
  2 black bears
  3 ogres
  2 sky beasts (D:7)
  A necrophage (D:6)
  2 centaurs
  A crocodile (D:9)
  2 bullfrogs
  3 scorpions
  8 killer bees
  A howler monkey (D:7)
  2 crimson imps (D:7)
  A bullfrog zombie (D:9)
  The ghost of troglodite the Charmwright, a weakling SpSk (D:3)
  6 hounds
  Crazy Yiuf (D:6)
  7 orc priests
  A bullfrog skeleton (D:5)
  2 centaur skeletons
  Terence (D:2)
  An iguana (D:8)
  7 orc wizards
  3 worker ants
  A hound zombie (D:7)
  Robin (D:2)
  4 gnolls (D:7)
  10 adders
  3 shadow imps
  An ooze (D:3)
  An adder skeleton (D:4)
  A worm (D:2)
  2 dart slugs (D:3)
  4 leopard geckos
  26 orcs
  3 bats
  7 giant cockroaches
  14 goblins
  11 hobgoblins
  7 quokkas
  2 ball pythons
  2 frilled lizards
  A jackal zombie (D:5)
  8 kobolds
  A quokka zombie (D:5)
  12 rats
201 creatures vanquished.

Notes
Turn   | Place    | Note
-------+----------+-------------------------------------------
     0 | D:1      | lrcuk01 the Minotaur Berserker began the quest for the Orb.
     0 | D:1      | Reached XP level 1. HP: 19/19 MP: 0/0
   487 | D:1      | Reached XP level 2. HP: 15/27 MP: 1/1
   823 | D:2      | Noticed Sigmund
   837 | D:1      | Killed Sigmund
   837 | D:1      | Reached skill level 5 in Fighting
   837 | D:1      | Reached skill level 5 in Axes
   837 | D:1      | Reached XP level 3. HP: 4/36 MP: 2/2
   837 | D:1      | Reached XP level 4. HP: 4/42 MP: 3/3
   837 | D:1      | Reached XP level 5. HP: 5/48 MP: 4/4
  1158 | D:2      | Noticed Robin
  1179 | D:2      | Reached ** piety under Trog
  1179 | D:2      | Killed Robin
  1843 | D:2      | Noticed Terence
  1855 | D:2      | Killed Terence
  1962 | D:2      | Reached XP level 6. HP: 49/56 MP: 5/5
  2647 | D:3      | Reached *** piety under Trog
  2737 | D:3      | Noticed troglodite's ghost (weakling SpSk)
  2765 | D:3      | Killed troglodite's ghost
  3053 | D:4      | Got an ichor-stained scale mail
  3087 | D:4      | Found a sacrificial altar of Ru.
  3196 | D:4      | Found a staircase to the Ecumenical Temple.
  3363 | D:4      | Reached XP level 7. HP: 56/62 MP: 6/6
  3380 | D:4      | Got an encrusted falchion
  3582 | D:5      | Entered Level 5 of the Dungeon
  3635 | D:5      | Found Cahuir's Food Shop.
  3647 | D:5      | Bought a ration for 60 gold pieces
  3647 | D:5      | Bought a ration for 60 gold pieces
  3647 | D:5      | Bought a ration for 60 gold pieces
  3765 | D:5      | Identified the +5 scale mail of Tyzoileuch {Regen+} (You found it on level 4 of the Dungeon)
  3787 | D:5      | Identified the +12 falchion of Quick Death {venom, rF++ Int+3 Dex-5 SInv} (You found it on level 4 of the Dungeon)
  4068 | D:5      | Gained mutation: Your muscles are strong. (Str +2) [potion of mutation]
  4068 | D:5      | Gained mutation: You are agile. (Dex +2) [potion of mutation]
  4068 | D:5      | Gained mutation: You have very sharp teeth. [potion of mutation]
  4335 | D:6      | Noticed Prince Ribbit
  4339 | D:6      | Killed Prince Ribbit
  4344 | D:6      | Reached skill level 1 in Long Blades
  4346 | D:6      | Reached skill level 5 in Armour
  4346 | D:6      | Reached skill level 1 in Shields
  4346 | D:6      | Reached XP level 8. HP: 61/70 MP: 7/7
  4445 | D:6      | Noticed Grinder
  4455 | D:6      | Paralysed by Grinder for 6 turns
  4466 | D:6      | Killed Grinder
  4466 | D:6      | Reached skill level 2 in Long Blades
  4466 | D:6      | Reached skill level 1 in Stealth
  4772 | D:6      | Found a runed door.
  4776 | D:6      | Noticed Crazy Yiuf
  4783 | D:6      | Killed Crazy Yiuf
  5131 | D:7      | Reached skill level 3 in Long Blades
  5178 | D:7      | Found a flagged portal.
  5221 | D:7      | Reached skill level 4 in Long Blades
  5225 | D:7      | Reached **** piety under Trog
  5229 | D:7      | Reached XP level 9. HP: 77/78 MP: 8/8
  5278 | D:7      | Reached skill level 5 in Long Blades
  5283 | D:7      | Paralysed by fainting for 8 turns
  5386 | D:7      | Found Vopuavam's General Store.
  5770 | D:7      | Noticed Pikel
  5782 | D:7      | Killed Pikel
  5782 | D:7      | Reached skill level 6 in Long Blades
  5782 | D:7      | Reached skill level 1 in Evocations
  6074 | D:8      | Found a burning altar of Makhleb.
  6200 | D:8      | Found a transporter.
  6203 | D:8      | Noticed a kobold demonologist
  6216 | D:8      | Found a transporter.
  6225 | D:8      | Noticed a kobold demonologist
  6242 | D:8      | Noticed a rust devil
  6939 | D:9      | Reached skill level 5 in Shields
  6975 | D:9      | Noticed Psyche
  6980 | D:9      | Noticed Terandir's ghost (journeyman MiFi)
  6992 | D:9      | Reached skill level 7 in Long Blades
  6998 | D:9      | Killed Psyche
  7006 | D:9      | Reached skill level 5 in Dodging
  7009 | D:9      | Reached XP level 10. HP: 88/88 MP: 9/9
  7065 | D:9      | Killed Terandir's ghost
  7076 | D:9      | Reached ***** piety under Trog
  7165 | D:9      | Found a staircase to the Orcish Mines.
  7166 | D:9      | Noticed Gastronok
  7221 | D:9      | Killed Gastronok
  7221 | D:9      | Reached skill level 9 in Long Blades
  7281 | D:9      | Found a roughly hewn altar of Beogh.
  7368 | D:9      | Reached skill level 1 in Throwing
  7457 | D:9      | Noticed Erolcha
  7465 | D:9      | Killed Erolcha
  7639 | Orc:1    | Entered Level 1 of the Orcish Mines
  7712 | Orc:1    | Reached XP level 11. HP: 69/95 MP: 11/11
  7924 | Orc:1    | Noticed an orc sorcerer
  7931 | Orc:1    | Killed an orc sorcerer
  7931 | Orc:1    | Reached skill level 10 in Long Blades
  7954 | Orc:1    | Noticed an orc high priest
  7978 | Orc:1    | Killed from afar by an orc high priest

Skill      XL: |  1  2  3  4  5  6  7  8  9 10 11 |
---------------+----------------------------------+-----
Fighting       | 4 5 6 7 8 |  8.8
Axes           | 5 7 8 |  8.9
Armour         | 3 5 6 7 8 |  8.4
Dodging        | 3 4 5 6 |  6.2
Long Blades    | 1 4 7 9 10 | 10.1
Shields        | 1 3 5 8 |  8.4
Stealth        | 1 2 |  2.2
Evocations     | 1 |  1.3
Throwing       | 1 |  1.1

Action                   |  1- 3 |  4- 6 |  7- 9 | 10-12 || total
-------------------------+-------+-------+-------+-------++-------
Melee: Hand axe          |    37 |   215 |    17 |       ||   269
       Headbutt          |    10 |    34 |    15 |    29 ||    88
       Falchion          |       |       |   151 |   157 ||   308
       Bite              |       |       |    13 |    14 ||    27
Throw: Tomahawk          |       |       |       |     6 ||     6
Invok: Burn Spellbooks   |       |       |     3 |       ||     3
Evoke: Wand              |       |       |     9 |     3 ||    12
  Use: Potion            |     2 |     1 |     6 |     2 ||    11
       Scroll            |       |     9 |    11 |     1 ||    21
 Stab: Paralysed         |       |       |     3 |       ||     3
  Eat: Ration            |       |     1 |     2 |       ||     3
       Chunk             |       |     4 |     4 |     5 ||    13
Armor: Animal skin       |     3 |     5 |       |       ||     8
       Scale mail        |       |    36 |    88 |    29 ||   153
       Skin              |       |       |       |     2 ||     2
Dodge: Dodged            |    20 |   112 |    42 |    24 ||   198
Block: Large shield      |       |       |   154 |   125 ||   279
       Rpst.: Falchion   |       |       |    12 |     6 ||    18
